 Dungeon Crawl Stone Soup version 0.24-a0-524-gf43b32f898 (webtiles) character file.

Game seed: 11020402079190848015

93 Destapler the Stinger (level 4, -1/35 HPs)
             Began as a Draconian Venom Mage on July 31, 2019.
             Slain by an adder (2 damage)
             ... on level 3 of the Dungeon.
             The game lasted 00:16:29 (2614 turns).

Destapler the Stinger (Draconian Venom Mage)        Turns: 2614, Time: 00:16:29

Health: -1/35      AC:  5    Str:  8 (10) XL:     4   Next: 37%
Magic:  6/8        EV: 12    Int: 15 (17) God:
Gold:   75         SH:  3    Dex:  8 (11) Spells: 7/8 levels left

rFire    . . .     SeeInvis .   e - +0 short sword
rCold    . . .     Gourm    .   c - +0 buckler
rNeg     . . .     Faith    .   (armour unavailable)
rPois    .         Spirit   .   (helmet restricted)
rElec    .         Reflect  .   (no cloak)
rCorr    .         Harm     .   (no gloves)
MR       .....                  (no boots)
Stlth    ++........             (no amulet)
HPRegen  0.11/turn              (no ring)
MPRegen  0.11/turn              (no ring)

@: lethally poisoned (-1 -> -7)
A: unfitting armour, cold-blooded, AC +5
a: no special abilities


You were on level 3 of the Dungeon.
You were not hungry.

You visited 1 branch of the dungeon, and saw 3 of its levels.

You collected 75 gold pieces.

Inventory:

Hand Weapons
 e - a +0 short sword (weapon)
Missiles
 l - 25 stones (quivered)
Armour
 c - a +0 buckler (worn)
Scrolls
 f - a scroll of magic mapping {unknown}
 g - a scroll of identify {unknown}
 i - 4 scrolls of teleportation {unknown}
Potions
 a - 2 potions of heal wounds
 j - a potion of might {unknown}
 k - 2 potions of haste {unknown}
Comestibles
 b - 5 rations
 h - 5 chunks of flesh


   Skills:
 + Level 1.3 Fighting
 + Level 2.3 Dodging
 - Level 1.9 Stealth
 * Level 1.8 Shields
 * Level 2.8 Spellcasting
 + Level 1.7 Conjurations
 - Level 3.0 Poison Magic


You had 7 spell levels left.
You knew the following spells:

 Your Spells              Type           Power        Failure   Level  Hunger
a - Sting                 Conj/Pois      #...         10%         1    #......

Your spell library contained the following spells:

 Spells                   Type           Power        Failure   Level  Hunger
 Poisonous Vapours        Pois/Air       #.....       22%         2    ##.....
 Mephitic Cloud           Conj/Pois/Air  #.......     38%         3    ###....
 Olgreb's Toxic Radiance  Pois           ##......     61%         4    #####..
 Venom Bolt               Conj/Pois      #.........   95%         5    ######.


Dungeon Overview and Level Annotations

Branches:
Dungeon (3/15)

Altars:
Uskayaw


Innate Abilities, Weirdness & Mutations

Your plain brown scales are hard. (AC +5)
You cannot fit into any form of body armour.
You are cold-blooded and may be slowed by cold attacks.


Message History

* * * LOW HITPOINT WARNING * * *
You feel sick.
The adder looks more healthy.
The orc priest casts a cantrip, but nothing happens.
The adder closely misses you.
You hit the adder.
The adder is severely wounded.
You feel sick. The adder bites you but does no damage. The adder bites you.
* * * LOW HITPOINT WARNING * * *
You are more poisoned.
The adder poisons you!
* * * LOW HITPOINT WARNING * * *
You feel sick.
You see here a rat skeleton.
It was a potion of degeneration.
There was something very wrong with that liquid.
You feel weakened.
You feel dopey.
You feel clumsy.
* * * LOW HITPOINT WARNING * * *
You feel sick. The adder bites you.
You die...

#...... #......
########......
.......'......
############......
#.................
#.#########.......
#.# #.......
#@#########.#'####
#S#.........#.#
##.##.########.#
#..o...........#
#####.##########.
#.# .. '. #.# ..
.# #.# .##..## #.#
.......


You could see an adder and an orc.

Vanquished Creatures
  2 adders (D:2)
  An ooze (D:3)
  2 worms
  3 dart slugs
  A leopard gecko (D:1)
  6 orcs (D:3)
  2 giant cockroaches
  4 hobgoblins
  4 jackals (D:2)
  A quokka (D:2)
  A ball python (D:2)
  3 bats
  A frilled lizard (D:2)
  9 goblins
  6 kobolds
  4 rats
50 creatures vanquished.

Notes
Turn   | Place    | Note
-------+----------+-------------------------------------------
     0 | D:1      | Destapler the Draconian Venom Mage began the quest for the
                  | Orb.
     0 | D:1      | Reached XP level 1. HP: 14/14 MP: 3/3
   255 | D:1      | Reached XP level 2. HP: 22/22 MP: 0/5
   791 | D:2      | Reached skill level 1 in Shields
   999 | D:2      | Reached XP level 3. HP: 27/27 MP: 0/6
  1280 | D:2      | Reached skill level 1 in Fighting
  1716 | D:3      | Reached XP level 4. HP: 35/35 MP: 1/8
  1788 | D:3      | Noticed an orc warrior
  2591 | D:3      | Found a hide-covered altar of Uskayaw.
  2614 | D:3      | HP: 1/35 [poisoned by an adder]
  2614 | D:3      | Slain by an adder

Levels and vault maps discovered:
D:1:      dpeg_arrival_rooms_c, layout_basic
D:2:      layout_rooms
D:3:      layout_basic, tgw_trog, eat_drink_and_be_merry_uskayaw

Skill      XL: |  1  2  3 |
---------------+----------+-----
Dodging        | 2 |  2.3
Shields        | 1 |  1.8
Fighting       | 1 |  1.3
Stealth        | |  1.9
Spellcasting   | |  2.8
Conjurations   | |  1.7
Poison Magic   | |  3.0

Action                   |  1- 3 |  4- 6 || total
-------------------------+-------+-------++-------
Melee: Unarmed           |     5 |       ||     5
       Short sword       |    72 |    19 ||    91
       Tailslap          |    11 |     2 ||    13
 Cast: Sting             |    52 |    29 ||    81
  Use: Potion            |       |     2 ||     2
 Stab: Sleeping          |     3 |     1 ||     4
  Eat: Chunk             |     3 |     3 ||     6
Armor: Skin              |    20 |     8 ||    28
Dodge: Dodged            |    52 |    13 ||    65
Block: Buckler           |    12 |     3 ||    15

Table legend:
 A = Non-vault XP
 B = Vault XP
 C = Vault XP percentage of total XP
 D = Non-vault monster count
 E = Vault monster count
 F = Vault count percentage of total count
                 A         B        C        D         E       F
            +---------+---------+-------+---------+---------+-------
      Total |     134 |       0 |   0.0 |      50 |       0 |   0.0
            +---------+---------+-------+---------+---------+-------
        D:1 |      24 |       0 |   0.0 |      13 |       0 |   0.0
        D:2 |      68 |       0 |   0.0 |      21 |       0 |   0.0
        D:3 |      42 |       0 |   0.0 |      16 |       0 |   0.0
            +---------+---------+-------+---------+---------+-------
